 Dungeon Crawl Stone Soup version 0.27-a0-263-gc8dee61f84 (webtiles) character file.

Game seed: 6753894813904713234

152 knot the Chopper (level 5, 25/61 HPs)
             Began as a Demonspawn Berserker on Feb 5, 2021.
             Was a Believer of Trog.
             Quit the game on level 3 of the Dungeon.
             The game lasted 00:01:56 (2279 turns).

knot the Chopper (Demonspawn Berserker)             Turns: 2279, Time: 00:01:56

Health: 25/61      AC:  4    Str: 17    XL:     5   Next: 11%
Magic:  3/5        EV: 12    Int:  9    God:    Trog [**....]
Gold:   140        SH:  0    Dex: 13    Spells: 4/4 levels left

rFire    . . .     SeeInvis .   a - +0 hand axe
rCold    . . .     Faith    .   (no shield)
rNeg     . . .     Spirit   +   b - +0 animal skin
rPois    .         Reflect  .   (no helmet)
rElec    .         Harm     .   (no cloak)
rCorr    .         Rampage  .   (no gloves)
Will     .....     Rnd*Tele +   (no boots)
Stlth    ..........             k - amulet of the acrobat
HPRegen  0.20/turn              h - ring of teleportation (curse)
MPRegen  0.18/turn              (no ring)

@: berserking, very quick
A: claws 1, slimy green scales 1, magic shield, magic regeneration
a: Renounce Religion, Berserk, Trog's Hand


You were on level 3 of the Dungeon.
You worshipped Trog.
Trog was pleased with you.
You visited 1 branch of the dungeon, and saw 3 of its levels.

You collected 140 gold pieces.

Inventory:

Hand Weapons
 a - a +0 hand axe (weapon)
 r - a +0 halberd of venom
Missiles
 i - 47 stones
 m - 12 poisoned darts
Armour
 b - a +0 animal skin (worn)
Jewellery
 h - a cursed ring of teleportation (left claw)
 k - an amulet of the acrobat (around neck)
Scrolls
 d - 7 scrolls of identify {unknown}
 e - a scroll of enchant weapon {unknown}
 j - 2 scrolls of remove curse {unknown}
 n - a scroll of blinking {unknown}
 o - a scroll of enchant armour {unknown}
Potions
 c - 2 potions of lignification {unknown}
 f - a potion of curing {unknown}
 g - a potion of flight {unknown}
 l - a potion of mutation {unknown}
 p - a potion of degeneration {unknown}
 q - 3 potions of brilliance {unknown}


   Skills:
 - Level 3.0 Fighting
 + Level 5.3 Axes
 - Level 1.7 Armour
 - Level 1.7 Dodging


You had 4 spell levels left.
You didn't know any spells.
Your spell library was empty.

Dungeon Overview and Level Annotations

Branches:
Dungeon (3/15)

Altars:
The Shining One

Annotations:
D:3 Robin


Innate Abilities, Weirdness & Mutations

You have sharp fingernails.
You are partially covered in slimy green scales. (AC +2)
When hurt, damage is shared between your health and your magic reserves.
You regenerate magic rapidly.


Message History

You slash Ijyb!
You kill Ijyb!
Trog accepts your kill.
You slash the goblin!
You kill the goblin!
Trog accepts your kill.
You slash the adder!
You kill the adder!
Trog accepts your kill.
You slash the bat!
You kill the bat!
Trog accepts your kill.
The kobold throws a stone.
The stone misses you.
Robin roars a battlecry!
A goblin comes into view.
You hear a shout!
You have reached level 5!
Your demonic ancestry asserts itself...
Slimy green scales grow over part of your body.
Are you sure you want to abandon this character and quit the game? (Confirm with "yes".)

### ...
###.###
##.)[†.#
#..#@#
#S#g#
#.K#.#gg
##.
b.g## ##
.### .g
.. ...
...


You could see Robin, an adder, 3 goblins and a kobold.

Vanquished Creatures
  Ijyb (D:3)
  An iguana (D:3)
  2 adders (D:3)
  3 gnolls (D:2)
  2 worms (D:2)
  A leopard gecko (D:2)
  6 bats
  3 giant cockroaches
  7 goblins
  7 hobgoblins
  2 jackals (D:2)
  2 quokkas (D:2)
  3 frilled lizards
  6 kobolds
  5 rats
51 creatures vanquished.

Notes
Turn   | Place    | Note
-------+----------+-------------------------------------------
     0 | D:1      | knot the Demonspawn Berserker began the quest for the Orb.
     0 | D:1      | Reached XP level 1. HP: 18/18 MP: 1/1
   114 | D:1      | Reached skill level 3 in Axes
   260 | D:1      | Gained mutation: You have sharp fingernails. [demonic
                  | ancestry]
   260 | D:1      | Reached XP level 2. HP: 22/24 MP: 2/2
   676 | D:1      | Reached ** piety under Trog
   989 | D:1      | You fall into a shaft and drop 1 floor!
  1143 | D:2      | Gained mutation: You regenerate magic rapidly. [demonic
                  | ancestry]
  1143 | D:2      | Reached XP level 3. HP: 29/29 MP: 3/3
  1165 | D:2      | Found a glowing golden altar of the Shining One.
  1309 | D:2      | Reached skill level 4 in Axes
  1349 | D:2      | Found a faded altar of an unknown god.
  1889 | D:2      | Gained mutation: When hurt, damage is shared between your
                  | health and your magic reserves. [demonic ancestry]
  1889 | D:2      | Reached XP level 4. HP: 35/35 MP: 4/4
  2268 | D:3      | Noticed Ijyb
  2271 | D:3      | Noticed Robin
  2275 | D:3      | Reached skill level 5 in Axes
  2278 | D:3      | Killed Ijyb
  2279 | D:3      | Gained mutation: You are partially covered in slimy green
                  | scales. (AC +2) [demonic ancestry]
  2279 | D:3      | Reached XP level 5. HP: 25/41 MP: 3/5
  2279 | D:3      | Quit the game

Illustrated notes

Levels and vault maps discovered:
D:1:      dpeg_arrival_renting, layout_basic, patterned_corridor
D:2:      layout_loops_ring, lemuel_doored_altar,
          chequers_ecumenical_altar_simple
D:3:      layout_rooms, serial_rivers, chequers_serial_rivers_micro_d,
          chequers_serial_rivers_room_b, chequers_serial_rivers_room_b,
          chequers_serial_rivers_small_b, minmay_box_of_dots, uniq_ijyb,
          uniq_sigmund, uniq_robin, uniq_natasha, uniq_crazy_yiuf_cottage

Skill      XL: |  1  2  3  4 |
---------------+-------------+-----
Axes           | 3 4 5 |  5.3
Fighting       | |  3.0
Armour         | |  1.7
Dodging        | |  1.7

Action                   |  1- 3 |  4- 6 || total
-------------------------+-------+-------++-------
Melee: Hand axe          |   133 |    14 ||   147
       Halberd           |       |     4 ||     4
Invok: Berserk           |     1 |     1 ||     2
 Stab: Sleeping          |     1 |       ||     1
Armor: Animal skin       |    38 |     7 ||    45
Dodge: Dodged            |   107 |    24 ||   131

Table legend: (Time is in decaauts)
 A = Elapsed time spent in this place.
 B = Non-inter-level travel time spent in this place.
 C = Inter-level travel time spent in this place.
 D = Time resting spent in this place.
 E = Time spent auto-exploring this place.
 F = Levels seen in this place.
 G = Mean time per level.
                   A        B        C        D        E       F      G
               +--------+--------+--------+--------+--------+-----+--------+
         Total |   2303 |   2237 |     66 |    304 |   1613 |   3 |  767.7 |
       Dungeon |   2303 |   2237 |     66 |    304 |   1613 |   3 |  767.7 |
               +--------+--------+--------+--------+--------+-----+--------+

Top non-repeatable levels by time:
     D:2: 1140 daAuts
     D:1: 1077 daAuts
     D:3: 85 daAuts
